PAA
MINNESOTA LOONS @ TACOMA FUR TRADERS
07/05/2026
 
TOP OF THE 1ST
Minnesota Loons batting - Pitching for Tacoma Fur Traders : RHP Manuel Delgadillo
Pitching: RHP Manuel Delgadillo
Batting: LHB Juan Aranda 0-0: Ball
1-0: Swinging Strike
1-1: Called Strike
1-2: Strikes out looking
Batting: RHB Pierre Bernard 0-0: Ball
1-0: Ball
2-0: Foul Ball, location: 2F
2-1: Ball
3-1: Base on Balls
Batting: RHB José Jarca 0-0: Ball
Pierre Bernard steals 2nd base
1-0: Ball
2-0: Fly out, F6 (Line Drive, 6)
Batting: LHB José León 0-0: Ball
1-0: Ball
2-0: Called Strike
2-1: Ball
3-1: Called Strike
3-2: Ground out 4-3 (Groundball, 4D)
Top of the 1st over - 0 run(s), 0 hit(s), 0 error(s), 1 left on base; Minnesota 0 - Tacoma 0
BOTTOM OF THE 1ST
Tacoma Fur Traders batting - Pitching for Minnesota Loons : LHP Morlack Spurgeon
Pitching: LHP Morlack Spurgeon
Batting: RHB Andy Moore 0-0: Swinging Strike
0-1: Fly out, F9 (Flyball, 89D)
Batting: RHB Luis Flores 0-0: Ball
1-0: Swinging Strike
1-1: Foul Ball, location: 2F
1-2: Foul Ball, location: 2F
1-2: Foul Ball, location: 2F
1-2: Ball
2-2: Fly out, F8 (Flyball, 8LM)
Batting: RHB Iván Rodríguez 0-0: Swinging Strike
0-1: Ball
1-1: Ball
2-1: Foul Ball, location: 2F
2-2: Fly out, F8 (Flyball, 8RM)
Bottom of the 1st over - 0 run(s), 0 hit(s), 0 error(s), 0 left on base; Minnesota 0 - Tacoma 0
TOP OF THE 2ND
Minnesota Loons batting - Pitching for Tacoma Fur Traders : RHP Manuel Delgadillo
Batting: RHB Miguel Rosales 0-0: Ball
1-0: DOUBLE (Flyball, 8RD)
Batting: RHB Wilson Vega 0-0: Called Strike
0-1: SINGLE (Line Drive, 4D)
Miguel Rosales to third
Batting: RHB Pau Arria 0-0: Ground out 5-3 (Groundball, 56S)
Miguel Rosales scores
Wilson Vega to second
Batting: RHB Lytle Creek 0-0: Foul Ball, location: 2F
0-1: Ground out 6-3 (Groundball, 6)
Wilson Vega to third
Batting: RHB Gilberto Rodríguez 0-0: Ball
1-0: Ball
2-0: Called Strike
2-1: Ground out 6-3 (Groundball, 6)
Top of the 2nd over - 1 run(s), 2 hit(s), 0 error(s), 1 left on base; Minnesota 1 - Tacoma 0
BOTTOM OF THE 2ND
Tacoma Fur Traders batting - Pitching for Minnesota Loons : LHP Morlack Spurgeon
Batting: RHB Xavier Pérez 0-0: Fly out, F7 (Flyball, 78M)
Batting: LHB Felipe Trujillo 0-0: Ball
1-0: Ball
2-0: Foul Ball, location: 2F
2-1: Foul Ball, location: 2F
2-2: Ball
3-2: Foul Ball, location: 2F
3-2: Base on Balls
Batting: LHB Michael Whorton 0-0: Ball
1-0: SINGLE (Groundball, 3D)
Felipe Trujillo to second
Runner from 2nd tries for 3rd, SAFE, throw made to third
Batting: RHB Tim Lehman 0-0: Called Strike
0-1: Ball
1-1: Called Strike
1-2: Ball
2-2: Ball
Michael Whorton steals 2nd base
3-2: Foul Ball, location: 2F
3-2: SINGLE (Line Drive, 56D)
Felipe Trujillo scores
Michael Whorton to third
Batting: RHB Britt Lynch 0-0: Ball
1-0: Ball
2-0: Foul Ball, location: 2F
2-1: Foul Ball, location: 2F
2-2: Ball
3-2: Foul Ball, location: 2F
3-2: Fly out, F7 (Flyball, 7LSF)
Runner from 3rd tags up, SCORES, no throw
Batting: RHB Carlos Correa 0-0: Foul Ball, location: 2F
0-1: Swinging Strike
0-2: Fielders Choice at 2nd, 5-4 (Groundball, 56)
Bottom of the 2nd over - 2 run(s), 2 hit(s), 0 error(s), 0 left on base; Minnesota 1 - Tacoma 2
TOP OF THE 3RD
Minnesota Loons batting - Pitching for Tacoma Fur Traders : RHP Manuel Delgadillo
Batting: LHB Juan Aranda 0-0: Called Strike
0-1: Ball
1-1: Ball
2-1: Ball
3-1: Base on Balls
Batting: RHB Pierre Bernard 0-0: Ball
1-0: SINGLE (Groundball, 34D)
Juan Aranda to second
Runner from 2nd tries for 3rd, SAFE, throw made to third
Pierre Bernard to second
Batting: RHB José Jarca 0-0: Ground out 6-3 (Groundball, 6)
Juan Aranda scores
Pierre Bernard to third
Batting: LHB José León 0-0: Called Strike
0-1: Swinging Strike
0-2: Ball
1-2: Ball
2-2: Ball
3-2: Strikes out swinging
Batting: RHB Miguel Rosales 0-0: Foul Ball, location: 2F
0-1: Fly out, F8 (Flyball, 8LM)
Top of the 3rd over - 1 run(s), 1 hit(s), 0 error(s), 1 left on base; Minnesota 2 - Tacoma 2
BOTTOM OF THE 3RD
Tacoma Fur Traders batting - Pitching for Minnesota Loons : LHP Morlack Spurgeon
Batting: RHB Andy Moore 0-0: Called Strike
0-1: Ground out 4-3 (Groundball, 4)
Batting: RHB Luis Flores 0-0: Ground out 6-3 (Groundball, 56)
Batting: RHB Iván Rodríguez 0-0: Ball
1-0: Swinging Strike
1-1: Swinging Strike
1-2: Ball
2-2: Ball
3-2: SINGLE (Groundball, 56D)
Batting: RHB Xavier Pérez 0-0: Ball
1-0: Fielders Choice at 2nd, 4-6 (Groundball, 34)
Bottom of the 3rd over - 0 run(s), 1 hit(s), 0 error(s), 0 left on base; Minnesota 2 - Tacoma 2
TOP OF THE 4TH
Minnesota Loons batting - Pitching for Tacoma Fur Traders : RHP Manuel Delgadillo
Batting: RHB Wilson Vega 0-0: Foul Ball, location: 2F
0-1: Foul Ball, location: 2F
0-2: Foul Ball, location: 2F
0-2: Ball
1-2: Fly out, F8 (Flyball, 8RM)
Batting: RHB Pau Arria 0-0: Called Strike
0-1: Foul Ball, location: 2F
0-2: Fly out, F9 (Flyball, 9LM)
Batting: RHB Lytle Creek 0-0: Ball
1-0: Ball
2-0: SINGLE (Groundball, 6MD)
Batting: RHB Gilberto Rodríguez 0-0: Ball
1-0: Called Strike
1-1: 2-RUN HOME RUN (Flyball, 78XD), Distance : 435 ft
Batting: LHB Juan Aranda 0-0: Ball
1-0: Called Strike
1-1: Ball
2-1: Fly out, F7 (Flyball, 7S)
Top of the 4th over - 2 run(s), 2 hit(s), 0 error(s), 0 left on base; Minnesota 4 - Tacoma 2
BOTTOM OF THE 4TH
Tacoma Fur Traders batting - Pitching for Minnesota Loons : LHP Morlack Spurgeon
Batting: LHB Felipe Trujillo 0-0: Foul Ball, location: 2F
0-1: Ball
1-1: Foul Ball, location: 2F
1-2: Ball
2-2: Fly out, F3 (Line Drive, 3L)
Batting: LHB Michael Whorton 0-0: Called Strike
0-1: Called Strike
0-2: Ball
1-2: Foul Ball, location: 2F
1-2: Strikes out looking
Batting: RHB Tim Lehman 0-0: Fly out, F3 (Popup, 34)
Bottom of the 4th over - 0 run(s), 0 hit(s), 0 error(s), 0 left on base; Minnesota 4 - Tacoma 2
TOP OF THE 5TH
Minnesota Loons batting - Pitching for Tacoma Fur Traders : RHP Manuel Delgadillo
Batting: RHB Pierre Bernard 0-0: Swinging Strike
0-1: Ball
1-1: Ground out 3-1 (Groundball, 3D)
Batting: RHB José Jarca 0-0: Ball
1-0: SOLO HOME RUN (Flyball, 78XD), Distance : 435 ft
Batting: LHB José León 0-0: Foul Ball, location: 2F
0-1: Foul Ball, location: 2F
0-2: SOLO HOME RUN (Flyball, 9LD), Distance : 344 ft
Pitching: LHP Pedro Pérez
Batting: RHB Miguel Rosales 0-0: Called Strike
0-1: Swinging Strike
0-2: Strikes out swinging
Batting: RHB Wilson Vega 0-0: Ball
1-0: Swinging Strike
1-1: Ball
2-1: Foul Ball, location: 2F
2-2: Ball
3-2: Foul Ball, location: 2F
3-2: Strikes out swinging
Top of the 5th over - 2 run(s), 2 hit(s), 0 error(s), 0 left on base; Minnesota 6 - Tacoma 2
BOTTOM OF THE 5TH
Tacoma Fur Traders batting - Pitching for Minnesota Loons : LHP Morlack Spurgeon
Batting: RHB Britt Lynch 0-0: Ball
1-0: Foul Ball, location: 2F
1-1: Swinging Strike
1-2: Fly out, F8 (Flyball, 89M)
Batting: RHB Carlos Correa 0-0: Ball
1-0: Fly out, F6 (Line Drive, 6)
Batting: RHB Andy Moore 0-0: Called Strike
0-1: Foul Ball, location: 2F
0-2: Ball
1-2: Foul Ball, location: 2F
1-2: Ball
2-2: Foul Ball, location: 2F
2-2: Ball
3-2: Base on Balls
Batting: RHB Luis Flores 0-0: Ball
1-0: Ball
2-0: Fielders Choice at 2nd, 4-6 (Groundball, 4)
Bottom of the 5th over - 0 run(s), 0 hit(s), 0 error(s), 0 left on base; Minnesota 6 - Tacoma 2
TOP OF THE 6TH
Minnesota Loons batting - Pitching for Tacoma Fur Traders : LHP Pedro Pérez
Batting: RHB Pau Arria 0-0: Ball
1-0: Called Strike
1-1: Swinging Strike
1-2: Ball
2-2: Ball
3-2: Strikes out swinging
Batting: RHB Lytle Creek 0-0: Ball
1-0: Ball
2-0: Ball
3-0: Base on Balls
Batting: RHB Gilberto Rodríguez 0-0: Called Strike
0-1: Foul Ball, location: 2F
0-2: 2-RUN HOME RUN (Flyball, 7LD), Distance : 366 ft
Batting: LHB Juan Aranda 0-0: Ball
1-0: SINGLE (Groundball, 6) (infield hit)
Batting: RHB Pierre Bernard 0-0: Called Strike
0-1: SINGLE (Groundball, 34) (infield hit)
Juan Aranda to second
Batting: RHB José Jarca 0-0: Foul Ball, location: 2F
0-1: Ball
1-1: Called Strike
1-2: Grounds into double play, 5-4-3 (Groundball, 56)
Top of the 6th over - 2 run(s), 3 hit(s), 0 error(s), 1 left on base; Minnesota 8 - Tacoma 2
BOTTOM OF THE 6TH
Tacoma Fur Traders batting - Pitching for Minnesota Loons : LHP Morlack Spurgeon
Batting: RHB Iván Rodríguez 0-0: Ball
1-0: Ball
2-0: Foul Ball, location: 2F
2-1: Ball
3-1: Base on Balls
Batting: RHB Xavier Pérez 0-0: Ball
1-0: Called Strike
1-1: Swinging Strike
1-2: Fielders Choice at 2nd, 6-4 (Groundball, 6)
Batting: LHB Felipe Trujillo 0-0: Foul Ball, location: 2F
0-1: Ball
1-1: Swinging Strike
1-2: Ball
2-2: Ball
3-2: Foul Ball, location: 2F
Pickoff Throw to First - Error! E1
Xavier Pérez to second
3-2: SINGLE (Line Drive, 9S)
Xavier Pérez to third
Runner from 3rd tries for Home, SAFE, no throw
Pitching: LHP Luis Domínguez
Batting: LHB Michael Whorton 0-0: Ball
Felipe Trujillo is caught stealing 2nd base
1-0: Ground out 4-3 (Groundball, 4)
Bottom of the 6th over - 1 run(s), 1 hit(s), 1 error(s), 0 left on base; Minnesota 8 - Tacoma 3
TOP OF THE 7TH
Minnesota Loons batting - Pitching for Tacoma Fur Traders : LHP Pedro Pérez
Batting: LHB José León 0-0: Swinging Strike
0-1: Foul Ball, location: 2F
0-2: Strikes out swinging
Batting: RHB Miguel Rosales 0-0: Fly out, F9 (Flyball, 9S)
Batting: RHB Wilson Vega 0-0: Foul Ball, location: 2F
0-1: Ball
1-1: Foul Ball, location: 2F
1-2: Ground out 6-3 (Groundball, 6)
Top of the 7th over - 0 run(s), 0 hit(s), 0 error(s), 0 left on base; Minnesota 8 - Tacoma 3
BOTTOM OF THE 7TH
Tacoma Fur Traders batting - Pitching for Minnesota Loons : LHP Luis Domínguez
Batting: RHB Tim Lehman 0-0: Called Strike
0-1: Foul Ball, location: 2F
0-2: Foul Ball, location: 2F
0-2: Foul Ball, location: 2F
0-2: Fly out, F9 (Line Drive, 89M)
Batting: RHB Britt Lynch 0-0: Ball
1-0: Ball
2-0: SINGLE (Line Drive, 7S)
Batting: RHB Carlos Correa 0-0: Ball
1-0: Called Strike
1-1: Foul Ball, location: 2F
1-2: Ball
2-2: Ball
3-2: Foul Ball, location: 2F
3-2: Base on Balls
Britt Lynch to second
Batting: RHB Andy Moore 0-0: Called Strike
0-1: Foul Ball, location: 2F
0-2: Foul Ball, location: 2F
0-2: Ball
1-2: Foul Ball, location: 2F
1-2: Ball
2-2: Strikes out swinging
Batting: RHB Luis Flores 0-0: Foul Ball, location: 2F
0-1: Ball
1-1: SINGLE (Groundball, 4D)
Britt Lynch to third
Carlos Correa to second
Runner from 3rd tries for Home, SAFE, no throw
Batting: RHB Iván Rodríguez 0-0: Foul Ball, location: 2F
0-1: Called Strike
0-2: Ball
1-2: Foul Ball, location: 2F
1-2: Fielders Choice at 2nd, 6-4 (Groundball, 6)
Bottom of the 7th over - 1 run(s), 2 hit(s), 0 error(s), 1 left on base; Minnesota 8 - Tacoma 4
TOP OF THE 8TH
Minnesota Loons batting - Pitching for Tacoma Fur Traders : LHP Pedro Pérez
Batting: RHB Pau Arria 0-0: Ball
1-0: Called Strike
1-1: Fly out, F6 (Popup, 6)
Batting: RHB Lytle Creek 0-0: Ball
1-0: Ball
2-0: Ball
3-0: Called Strike
3-1: Base on Balls
Batting: RHB Gilberto Rodríguez 0-0: DOUBLE (Flyball, 8LXD)
Lytle Creek to third
Runner from 3rd tries for Home, SAFE, no throw
Pitching: RHP Pedro Martínez
Batting: LHB Juan Aranda 0-0: Foul Ball, location: 2F
0-1: Called Strike
0-2: Ground out 6-3 (Groundball, 6)
Batting: RHB Pierre Bernard 0-0: Called Strike
0-1: Ball
1-1: Ground out 5-3 (Groundball, 5S)
Top of the 8th over - 1 run(s), 1 hit(s), 0 error(s), 1 left on base; Minnesota 9 - Tacoma 4
BOTTOM OF THE 8TH
Tacoma Fur Traders batting - Pitching for Minnesota Loons : LHP Luis Domínguez
Batting: RHB Xavier Pérez 0-0: Ball
1-0: Ball
2-0: Foul Ball, location: 2F
2-1: Ground out 6-3 (Groundball, 6S)
Batting: LHB Felipe Trujillo 0-0: Foul Ball, location: 2F
0-1: Ball
1-1: Ball
2-1: Ball
3-1: Base on Balls
Batting: LHB Michael Whorton 0-0: Called Strike
0-1: Ball
1-1: Ball
2-1: Swinging Strike
2-2: SINGLE (Groundball, 34S) (infield hit)
Felipe Trujillo to second
Batting: RHB Tim Lehman 0-0: SINGLE (Flyball, 8RS)
Felipe Trujillo to third
Michael Whorton to second
Runner from 3rd tries for Home, SAFE, no throw
Pitching: RHP José Larranaga
Batting: RHB Britt Lynch 0-0: Fly out, F7 (Flyball, 78M)
Batting: RHB Carlos Correa 0-0: Foul Ball, location: 2F
0-1: Fly out, F6 (Popup, 6)
Bottom of the 8th over - 1 run(s), 2 hit(s), 0 error(s), 2 left on base; Minnesota 9 - Tacoma 5
TOP OF THE 9TH
Minnesota Loons batting - Pitching for Tacoma Fur Traders : RHP Pedro Martínez
Batting: RHB José Jarca 0-0: Called Strike
0-1: Ball
1-1: Swinging Strike
1-2: Ball
2-2: Fly out, F9 (Flyball, 9S)
Batting: LHB José León 0-0: Ball
1-0: Called Strike
1-1: Ball
2-1: Ball
3-1: Foul Ball, location: 2F
3-2: Base on Balls
Batting: RHB Miguel Rosales 0-0: Called Strike
0-1: Swinging Strike
0-2: Ball
1-2: Ball
2-2: Fly out, F6 (Popup, 6)
Batting: RHB Wilson Vega 0-0: Ball
1-0: Ball
2-0: Called Strike
2-1: Foul Ball, location: 2F
2-2: Strikes out looking
Top of the 9th over - 0 run(s), 0 hit(s), 0 error(s), 1 left on base; Minnesota 9 - Tacoma 5
BOTTOM OF THE 9TH
Tacoma Fur Traders batting - Pitching for Minnesota Loons : RHP José Larranaga
Batting: RHB Andy Moore 0-0: Called Strike
0-1: Called Strike
0-2: Ball
1-2: Ball
2-2: Foul Ball, location: 2F
2-2: Ground out 4-3 (Groundball, 4M)
Batting: RHB Luis Flores 0-0: Ball
1-0: Called Strike
1-1: Ground out 4-3 (Groundball, 4)
Batting: RHB Iván Rodríguez 0-0: Foul Ball, location: 2F
0-1: Ball
1-1: Ball
2-1: Ball
3-1: Base on Balls
Batting: RHB Xavier Pérez 0-0: Ball
1-0: Ball
2-0: Called Strike
2-1: Foul Ball, location: 2F
2-2: Strikes out looking
Bottom of the 9th over - 0 run(s), 0 hit(s), 0 error(s), 1 left on base; Minnesota 9 - Tacoma 5
Monday, March 20th, 2017 - OOTP Baseball 17.12 Build 75